MLB
COLORADO ROCKIES @ SAN DIEGO PADRES
09/08/2019
 
TOP OF THE 1ST
Colorado Rockies batting - Pitching for San Diego Padres : LHP Hyun-jin Ryu
Pitching: LHP Hyun-jin Ryu
Batting: RHB Anthony Alford 0-0: Swinging Strike
0-1: Swinging Strike
0-2: Fly out, F7 (Flyball, 78S, EV 92.5 MPH)
Batting: RHB JaCoby Jones 0-0: Called Strike
0-1: Foul Ball, location: 2F
0-2: Ball
1-2: Strikes out swinging
Batting: RHB Mike Trout 0-0: Called Strike
0-1: Ball
1-1: Called Strike
1-2: Foul Ball, location: 2F
1-2: Ball
2-2: Foul Ball, location: 2F
2-2: Strikes out looking
Top of the 1st over - 0 runs, 0 hits, 0 errors, 0 left on base; Colorado 0 - San Diego 0
BOTTOM OF THE 1ST
San Diego Padres batting - Pitching for Colorado Rockies : RHP Aaron Sanchez
Pitching: RHP Aaron Sanchez
Batting: SHB Carlos Santana 0-0: Called Strike
0-1: Ground out 3-1 (Groundball, 3S, EV 80.0 MPH)
Batting: RHB Jose Altuve 0-0: Ball
1-0: Foul Ball, location: 2F
1-1: Ball
2-1: Foul Ball, location: 2F
2-2: Foul Ball, location: 2F
2-2: Ball
3-2: Foul Ball, location: 2F
3-2: Foul Ball, location: 2F
3-2: Base on Balls
Batting: RHB Mitch Haniger 0-0: Ball
1-0: Fielders Choice at 2nd, 5-4 (Groundball, 5, EV 83.1 MPH)
Batting: RHB Hunter Renfroe 0-0: Called Strike
0-1: Swinging Strike
0-2: Ball
1-2: Strikes out swinging
Bottom of the 1st over - 0 runs, 0 hits, 0 errors, 1 left on base; Colorado 0 - San Diego 0
TOP OF THE 2ND
Colorado Rockies batting - Pitching for San Diego Padres : LHP Hyun-jin Ryu
Batting: RHB Brandon Drury 0-0: Ball
1-0: Ball
2-0: Foul Ball, location: 2F
2-1: Foul Ball, location: 2F
2-2: Foul Ball, location: 2F
2-2: Ball
3-2: Fly out, F9 (Line Drive, 9, EV 93.8 MPH)
Batting: LHB Tommy La Stella 0-0: Ball
1-0: Ball
2-0: Ball
3-0: Called Strike
3-1: Base on Balls
Batting: RHB Sean Rodriguez 0-0: Ball
1-0: Called Strike
1-1: Grounds into double play, 6-4-3 (Groundball, 6, EV 93.1 MPH)
Top of the 2nd over - 0 runs, 0 hits, 0 errors, 0 left on base; Colorado 0 - San Diego 0
BOTTOM OF THE 2ND
San Diego Padres batting - Pitching for Colorado Rockies : RHP Aaron Sanchez
Batting: SHB Johan Camargo 0-0: Foul Ball, location: 2F
0-1: Foul Ball, location: 2F
0-2: Ball
1-2: Ball
2-2: Strikes out looking
Batting: RHB Lorenzo Cain 0-0: Foul Ball, location: 2F
0-1: Ball
1-1: Ball
2-1: SINGLE (Line Drive, 4M, EV 95.0 MPH)
Batting: RHB Yadier Molina 0-0: Ball
1-0: DOUBLE (Line Drive, 5D, EV 100.0 MPH)
Lorenzo Cain to third
Runner from 3rd tries for Home, SAFE, throw by LF to home
Batting: RHB Hyun-jin Ryu 0-0: Called Strike
0-1: SINGLE (Groundball, 6MD, EV 97.5 MPH)
Yadier Molina to third
Batting: RHB Amed Rosario 0-0: Called Strike
0-1: Foul Ball, location: 2F
0-2: Strikes out looking
Batting: SHB Carlos Santana 0-0: Ball
1-0: Called Strike
1-1: Foul Ball, location: 2F
1-2: SINGLE (Groundball, 4MD, EV 110.0 MPH)
Yadier Molina scores
Hyun-jin Ryu to second
Runner from 2nd tries for 3rd, OUT! 8-5
Bottom of the 2nd over - 2 runs, 4 hits, 0 errors, 1 left on base; Colorado 0 - San Diego 2
TOP OF THE 3RD
Colorado Rockies batting - Pitching for San Diego Padres : LHP Hyun-jin Ryu
Batting: RHB Dustin Peterson 0-0: Ball
1-0: Called Strike
1-1: Ball
2-1: Foul Ball, location: 2F
2-2: Ball
3-2: Ground out 4-3 (Groundball, 4, EV 86.9 MPH)
Batting: LHB Nick Ciuffo 0-0: Fly out, F8 (Flyball, 8RM, EV 86.9 MPH)
Batting: RHB Aaron Sanchez 0-0: Called Strike
0-1: Foul Ball, location: 2F
0-2: Strikes out looking
Top of the 3rd over - 0 runs, 0 hits, 0 errors, 0 left on base; Colorado 0 - San Diego 2
BOTTOM OF THE 3RD
San Diego Padres batting - Pitching for Colorado Rockies : RHP Aaron Sanchez
Batting: RHB Jose Altuve 0-0: Called Strike
0-1: Ball
1-1: Ball
2-1: Ball
3-1: Foul Ball, location: 2F
3-2: SINGLE (Groundball, 6MD, EV 100.6 MPH)
Batting: RHB Mitch Haniger 0-0: Called Strike
0-1: Ball
1-1: Ball
2-1: Ball
3-1: Foul Ball, location: 2F
3-2: Fly out, F8 (Flyball, 8RXD, EV 89.4 MPH)
Batting: RHB Hunter Renfroe 0-0: Foul Ball, location: 2F
0-1: Ball
1-1: Foul Ball, location: 2F
1-2: Foul Ball, location: 2F
1-2: Ball
Wild Pitch!
Jose Altuve to second
2-2: Strikes out swinging
Batting: SHB Johan Camargo 0-0: Ball
1-0: Foul Ball, location: 2F
1-1: Ball
2-1: Ball
3-1: Base on Balls
Batting: RHB Lorenzo Cain 0-0: SINGLE (Groundball, 56S, EV 70.0 MPH) (infield hit)
Jose Altuve to third
Johan Camargo to second
Batting: RHB Yadier Molina 0-0: Called Strike
0-1: Ball
1-1: Swinging Strike
1-2: Foul Ball, location: 2F
1-2: Fielders Choice at 2nd, 6-4 (Groundball, 6, EV 83.8 MPH)
Bottom of the 3rd over - 0 runs, 2 hits, 0 errors, 3 left on base; Colorado 0 - San Diego 2
TOP OF THE 4TH
Colorado Rockies batting - Pitching for San Diego Padres : LHP Hyun-jin Ryu
Batting: RHB Anthony Alford 0-0: Swinging Strike
0-1: Ball
1-1: Foul Ball, location: 2F
1-2: Ground out 5-3 (Groundball, 5S, EV 60.6 MPH)
Batting: RHB JaCoby Jones 0-0: Foul Ball, location: 2F
0-1: Ball
1-1: Foul Ball, location: 2F
1-2: Ball
2-2: Foul Ball, location: 2F
2-2: Foul Ball, location: 2F
2-2: Foul Ball, location: 2F
2-2: Strikes out swinging
Batting: RHB Mike Trout 0-0: Foul Ball, location: 2F
0-1: Ball
1-1: Swinging Strike
1-2: Ball
2-2: Ball
3-2: Foul Ball, location: 2F
3-2: Base on Balls
Batting: RHB Brandon Drury 0-0: Called Strike
0-1: Fly out, F8 (Flyball, 8LS, EV 86.9 MPH)
Top of the 4th over - 0 runs, 0 hits, 0 errors, 1 left on base; Colorado 0 - San Diego 2
BOTTOM OF THE 4TH
San Diego Padres batting - Pitching for Colorado Rockies : RHP Aaron Sanchez
Batting: RHB Hyun-jin Ryu 0-0: Foul Ball, location: 2F
0-1: Reached on error, E5 (Groundball, 5L, EV 87.5 MPH)
Batting: RHB Amed Rosario 0-0: Fly out, F7 (Flyball, 78D, EV 105.6 MPH)
Batting: SHB Carlos Santana 0-0: Ball
1-0: Foul Ball, location: 2F
1-1: Swinging Strike
1-2: Ball
2-2: Fly out, F8 (Line Drive, 8RD, EV 83.1 MPH)
Batting: RHB Jose Altuve 0-0: Foul Ball, location: 2F
0-1: Swinging Strike
0-2: Ball
1-2: Strikes out swinging, 2-3 out at first.
Bottom of the 4th over - 0 runs, 0 hits, 1 error, 1 left on base; Colorado 0 - San Diego 2
TOP OF THE 5TH
Colorado Rockies batting - Pitching for San Diego Padres : LHP Hyun-jin Ryu
Batting: LHB Tommy La Stella 0-0: SINGLE (Groundball, 4D, EV 95.6 MPH)
Batting: RHB Sean Rodriguez 0-0: Ball
1-0: Ball
2-0: Called Strike
2-1: Fly out, F7 (Flyball, 78XD, EV 102.5 MPH)
Batting: RHB Dustin Peterson 0-0: Called Strike
0-1: Ball
1-1: Ball
2-1: Foul Ball, location: 2F
2-2: Ball
3-2: Fielders Choice at 2nd, 5-4 (Groundball, 56, EV 101.3 MPH)
Batting: LHB Nick Ciuffo 0-0: Ball
1-0: Swinging Strike
1-1: Swinging Strike
1-2: Ball
2-2: Strikes out swinging
Top of the 5th over - 0 runs, 1 hit, 0 errors, 1 left on base; Colorado 0 - San Diego 2
BOTTOM OF THE 5TH
San Diego Padres batting - Pitching for Colorado Rockies : RHP Aaron Sanchez
Batting: RHB Mitch Haniger 0-0: Ball
1-0: Foul Ball, location: 2F
1-1: Ball
2-1: Foul Ball, location: 2F
2-2: Ball
3-2: Base on Balls
Pitching: RHP Dan Straily
Now at C: Patrick Mazeika
Batting: RHB Hunter Renfroe 0-0: Called Strike
0-1: Ball
1-1: Swinging Strike
1-2: SINGLE (Line Drive, 8LS, EV 107.5 MPH)
Mitch Haniger to second
Runner from 2nd tries for 3rd, SAFE, no throw by CF
Batting: SHB Johan Camargo 0-0: DOUBLE (Line Drive, 9LM, EV 104.4 MPH)
Mitch Haniger scores
Hunter Renfroe to third
Batting: RHB Lorenzo Cain 0-0: Intentional Walk
Batting: RHB Yadier Molina 0-0: Called Strike
0-1: SINGLE (Groundball, 6, EV 80.6 MPH) (infield hit)
Hunter Renfroe scores
Johan Camargo to third
Lorenzo Cain to second
Batting: RHB Hyun-jin Ryu 0-0: Called Strike
0-1: Ball
1-1: Ball
2-1: Fly out, F8 (Flyball, 8RS, EV 80.0 MPH)
Batting: RHB Amed Rosario 0-0: Ball
1-0: Called Strike
1-1: Foul Ball, location: 2F
1-2: Fly out, F9 (Flyball, 9D, EV 90.6 MPH)
Runner from 3rd tags up, SCORES, no throw by RF
Batting: SHB Carlos Santana 0-0: Ball
1-0: Ball
2-0: Swinging Strike
2-1: DOUBLE (Flyball, 8RXD, EV 103.8 MPH)
Lorenzo Cain scores
Yadier Molina to third
Batting: RHB Jose Altuve 0-0: Ball
1-0: Ball
2-0: Called Strike
2-1: SINGLE (Groundball, 6D, EV 106.3 MPH) (infield hit)
Yadier Molina scores
Carlos Santana to third
Pitching: RHP Jon Harris
Batting: RHB Mitch Haniger 0-0: Ball
1-0: Ball
2-0: Called Strike
2-1: Ball
3-1: Foul Ball, location: 2F
3-2: DOUBLE (Line Drive, 9LD, EV 108.8 MPH)
Carlos Santana scores
Jose Altuve to third
Jose Altuve scores
Batting: RHB Hunter Renfroe 0-0: Called Strike
0-1: Ball
1-1: Fly out, F8 (Flyball, 89M, EV 91.3 MPH)
Bottom of the 5th over - 7 runs, 6 hits, 0 errors, 1 left on base; Colorado 0 - San Diego 9
TOP OF THE 6TH
Colorado Rockies batting - Pitching for San Diego Padres : LHP Hyun-jin Ryu
Batting: LHB Patrick Mazeika 0-0: Ball
1-0: Foul Ball, location: 2F
1-1: Ball
2-1: Ball
3-1: Foul Ball, location: 2F
3-2: SINGLE (Line Drive, 34, EV 109.4 MPH)
Batting: RHB Anthony Alford 0-0: Foul Ball, location: 2F
0-1: Ball
1-1: Called Strike
1-2: Ball
2-2: Foul Ball, location: 2F
2-2: Ball
3-2: Strikes out looking
Batting: RHB JaCoby Jones 0-0: Foul Ball, location: 2F
0-1: Swinging Strike
0-2: Strikes out swinging
Batting: RHB Mike Trout 0-0: Ball
1-0: Ball
2-0: Foul Ball, location: 2F
2-1: Foul Ball, location: 2F
2-2: Foul Ball, location: 2F
2-2: Ball
3-2: Foul Ball, location: 2F
3-2: Foul Ball, location: 2F
3-2: Base on Balls
Patrick Mazeika to second
Pitching: RHP Spencer Turnbull
Batting: RHB Brandon Drury 0-0: Ball
1-0: Foul Ball, location: 2F
1-1: Called Strike
1-2: Ball
2-2: Strikes out swinging
Top of the 6th over - 0 runs, 1 hit, 0 errors, 2 left on base; Colorado 0 - San Diego 9
BOTTOM OF THE 6TH
San Diego Padres batting - Pitching for Colorado Rockies : RHP Jon Harris
Batting: SHB Johan Camargo 0-0: Called Strike
0-1: Swinging Strike
0-2: Fly out, F9 (Flyball, 9S, EV 76.3 MPH)
Batting: RHB Lorenzo Cain 0-0: Called Strike
0-1: Ball
1-1: Ground out 5-3 (Groundball, 56S, EV 83.8 MPH)
Batting: RHB Yadier Molina 0-0: Ball
1-0: Foul Ball, location: 2F
1-1: Foul Ball, location: 2F
1-2: Foul Ball, location: 2F
1-2: Foul Ball, location: 2F
1-2: Foul Ball, location: 2F
1-2: Ball
2-2: SINGLE (Groundball, 6MD, EV 96.3 MPH)
Batting: RHB Spencer Turnbull 0-0: Called Strike
0-1: Ball
1-1: Ball
2-1: Ball
3-1: Called Strike
3-2: Base on Balls
Yadier Molina to second
Batting: RHB Amed Rosario 0-0: Called Strike
0-1: Ball
1-1: Fly out, F9 (Flyball, 89D, EV 103.8 MPH)
Bottom of the 6th over - 0 runs, 1 hit, 0 errors, 2 left on base; Colorado 0 - San Diego 9
TOP OF THE 7TH
Colorado Rockies batting - Pitching for San Diego Padres : RHP Spencer Turnbull
Batting: LHB Tommy La Stella 0-0: Called Strike
0-1: Ground out 1-3 (Groundball, 34S, EV 73.1 MPH)
Batting: RHB Sean Rodriguez 0-0: Called Strike
0-1: Ball
1-1: Ball
2-1: Ball
3-1: Called Strike
3-2: SINGLE (Flyball, 8RS, EV 99.4 MPH)
Batting: RHB Dustin Peterson 0-0: Ball
1-0: Foul Ball, location: 2F
1-1: SINGLE (Groundball, 4MD, EV 107.5 MPH)
Sean Rodriguez to second
Batting: RHB Jon Harris 0-0: Swinging Strike
0-1: Swinging Strike
0-2: Foul Ball, location: 2F
0-2: Strikes out looking
Batting: LHB Patrick Mazeika 0-0: DOUBLE (Flyball, 8LD, EV 101.3 MPH)
Sean Rodriguez scores
Dustin Peterson to third
Batting: RHB Anthony Alford 0-0: Ball
1-0: Foul Ball, location: 2F
1-1: Fly out, F9 (Flyball, 9, EV 81.3 MPH)
Top of the 7th over - 1 run, 3 hits, 0 errors, 2 left on base; Colorado 1 - San Diego 9
BOTTOM OF THE 7TH
San Diego Padres batting - Pitching for Colorado Rockies : RHP Jon Harris
Pinch Hitting: RHB Austin Romine 0-0: Called Strike
0-1: SOLO HOME RUN (Line Drive, 7LD, EV 102.5 MPH), Distance : 362 ft
Batting: RHB Jose Altuve 0-0: Ball
1-0: Swinging Strike
1-1: Called Strike
1-2: Reached on error, E6 (Groundball, 6, EV 100.0 MPH)
Pinch Hitting: LHB Dwight Smith Jr. 0-0: Ball
1-0: Ball
2-0: Foul Ball, location: 2F
2-1: Called Strike
2-2: Fielders Choice at 2nd, 4-6 (Groundball, 4, EV 107.5 MPH)
Pitching: RHP Chandler Sanburn
Batting: RHB Hunter Renfroe 0-0: Ball
1-0: Fly out, F9 (Flyball, 89M, EV 89.4 MPH)
Batting: SHB Johan Camargo 0-0: Ball
Wild Pitch!
Dwight Smith Jr. to second
1-0: Ball
2-0: Ball
3-0: Base on Balls
Batting: RHB Lorenzo Cain 0-0: Swinging Strike
0-1: Ball
1-1: Ball
2-1: Fly out, F3 (Line Drive, 3, EV 68.1 MPH)
Bottom of the 7th over - 1 run, 1 hit, 1 error, 2 left on base; Colorado 1 - San Diego 10
TOP OF THE 8TH
Colorado Rockies batting - Pitching for San Diego Padres : RHP Spencer Turnbull
Now at 1B: Brad Miller
Now in LF: Dwight Smith Jr.
Batting: RHB JaCoby Jones 0-0: Fly out, F9 (Flyball, 8RS, EV 88.1 MPH)
Batting: RHB Mike Trout 0-0: Called Strike
0-1: Ball
1-1: Ball
2-1: Foul Ball, location: 2F
2-2: Ball
3-2: SOLO HOME RUN (Flyball, 7D, EV 95.6 MPH), Distance : 376 ft
Batting: RHB Brandon Drury 0-0: Called Strike
0-1: Swinging Strike
0-2: Ball
1-2: Foul Ball, location: 2F
1-2: Ball
2-2: Fly out, F8 (Flyball, 89D, EV 85.6 MPH)
Batting: LHB Tommy La Stella 0-0: Ball
1-0: SINGLE (Flyball, 8RS, EV 89.4 MPH)
Batting: RHB Sean Rodriguez 0-0: Ball
1-0: Swinging Strike
1-1: Ball
2-1: Foul Ball, location: 2F
2-2: Strikes out swinging
Top of the 8th over - 1 run, 2 hits, 0 errors, 1 left on base; Colorado 2 - San Diego 10
BOTTOM OF THE 8TH
San Diego Padres batting - Pitching for Colorado Rockies : RHP Chandler Sanburn
Batting: RHB Yadier Molina 0-0: Foul Ball, location: 2F
0-1: Swinging Strike
0-2: Ball
1-2: Foul Ball, location: 2F
1-2: Ball
2-2: Foul Ball, location: 2F
2-2: Ball
3-2: Base on Balls
Pinch Hitting: RHB Jose Pirela 0-0: Foul Ball, location: 2F
0-1: Ball
1-1: Ball
2-1: Called Strike
2-2: SINGLE (Flyball, 89S, EV 88.1 MPH)
Yadier Molina to second
Batting: RHB Amed Rosario 0-0: Foul Ball, location: 2F
0-1: Ball
1-1: Fielders Choice at 2nd, 6-4 (Groundball, 56, EV 101.3 MPH)
Yadier Molina to third
Pitching: RHP Uarlim German
Batting: LHB Brad Miller 0-0: Fly out, F2 (Popup, 2RF, EV 93.1 MPH)
Batting: RHB Jose Altuve 0-0: DOUBLE (Flyball, 89D, EV 113.1 MPH)
Yadier Molina scores
Amed Rosario to third
Batting: LHB Dwight Smith Jr. 0-0: Ground out 6-3 (Groundball, 6, EV 106.3 MPH)
Bottom of the 8th over - 1 run, 2 hits, 0 errors, 2 left on base; Colorado 2 - San Diego 11
TOP OF THE 9TH
Colorado Rockies batting - Pitching for San Diego Padres : RHP Spencer Turnbull
Pitching: RHP Felix Pena
Batting: RHB Dustin Peterson 0-0: Called Strike
0-1: Ground out 6-3 (Groundball, 6MS, EV 93.1 MPH)
Pinch Hitting: SHB Luis Sardinas 0-0: Called Strike
0-1: Ball
1-1: Called Strike
1-2: Ball
2-2: SINGLE (Groundball, 4D, EV 96.3 MPH)
Batting: LHB Patrick Mazeika 0-0: Ball
1-0: Ball
2-0: Called Strike
2-1: Foul Ball, location: 2F
2-2: Foul Ball, location: 2F
2-2: Foul Ball, location: 2F
2-2: Grounds into double play, 5-4-3 (Groundball, 5, EV 106.3 MPH)
Top of the 9th over - 0 runs, 1 hit, 0 errors, 0 left on base; Colorado 2 - San Diego 11
Friday, December 13th, 2019 - OOTP Baseball 20.8 Build 73